 Dungeon Crawl Stone Soup version 0.21.1-1-g345015f (webtiles) character file.

301 Mirai the Conjurer (level 6, -6/45 HPs)
             Began as a Draconian Conjurer on Mar 13, 2018.
             Mangled by Pikel
             ... wielding a +1 whip of electrocution
              (19 damage)
             ... on level 4 of the Dungeon.
             The game lasted 00:14:33 (3439 turns).

Mirai the Conjurer (Draconian Conjurer)             Turns: 3439, Time: 00:14:33

Health: -6/45      AC:  9    Str: 10    XL:     6   Next: 14%
Magic:  11/13      EV: 11    Int: 17    God:
Gold:   191        SH:  3    Dex: 12    Spells: 5/12 levels left

rFire    . . .     SeeInvis .   c - +0 short sword
rCold    . . .     Gourm    .   m - +0 buckler
rNeg     . . .     Faith    .   (armour unavailable)
rPois    .         Spirit   .   (helmet restricted)
rElec    .         Reflect  .   (no cloak)
rCorr    .         Harm     .   d - +2 pair of gloves
MR       .....                  (no boots)
Stlth    +.........             (no amulet)
HPRegen  0.15/turn              (no ring)
MPRegen  0.13/turn              (no ring)

@: heavily drained
A: unfitting armour, antennae 1, high mp 1, cold-blooded, AC +6
a: no special abilities


You were on level 4 of the Dungeon.
You were hungry.

You visited 1 branch of the dungeon, and saw 4 of its levels.

You collected 191 gold pieces.

Inventory:

Hand Weapons
 c - a +0 short sword (weapon)
 f - a +0 hand axe
 j - a +2 vampiric short sword
Armour
 d - a +2 pair of gloves (worn)
 m - a +0 buckler (worn)
Scrolls
 e - 2 scrolls of teleportation
 g - a scroll of amnesia {unknown}
 k - a scroll of random uselessness {unknown}
 l - 2 scrolls of immolation {unknown}
 o - a scroll of magic mapping {unknown}
 q - 4 scrolls of identify {unknown}
Potions
 i - a potion of brilliance {unknown}
 n - a potion of might {unknown}
Books
 a - a book of Conjurations

   Spells                             Type                      Level
   a - Magic Dart                     Conjuration                  1
   b - Searing Ray                    Conjuration                  2
   c - Dazzling Spray                 Conjuration/Hexes            3
   d - Fulminant Prism                Conjuration/Hexes            4
   e - Force Lance                    Conjuration/Translocation    4
   f - Iskenderun's Mystic Blast      Conjuration                  4
Comestibles
 b - 2 rations


   Skills:
 - Level 0.7(0.0) Axes
 + Level 3.1(1.8) Dodging
 + Level 2.1(0.8) Stealth
 - Level 1.2(0.0) Shields
 * Level 3.9(2.6) Spellcasting
 + Level 5.0(3.6) Conjurations


You had 5 spell levels left.
You knew the following spells:

 Your Spells              Type           Power        Failure   Level  Hunger
a - Magic Dart            Conj           ##..         7%          1    #......
b - Searing Ray           Conj           ##....       10%         2    ##.....
c - Iskenderun's Mystic   Conj           ##......     54%         4    #####..


Dungeon Overview and Level Annotations

Branches:
Dungeon (4/15)
 Temple: D:4-7

Altars:
Gozag
Trog

Annotations:
D:4 Pikel


Innate Abilities, Weirdness & Mutations

Your plain brown scales are hard. (AC +6)
You cannot fit into any form of body armour.
You are cold-blooded and may be slowed by cold attacks.
You have a pair of small antennae on your head.
You have an increased reservoir of magic. (+10% MP)


Message History

The slave shouts!
The worker ant bites you. The worker ant closely misses you.
The worker ant closely misses you.
The worker ant bites you but does no damage. x2
The worker ant closely misses you.
A slave comes into view.
The worker ant bites you but does no damage.
Pikel waves his whip at you. The worker ant closely misses you.
The orc hits you with a morningstar. The worker ant bites you!
Pikel hits you with a whip of electrocution!
You are electrocuted!
There is a stone staircase leading up, spattered with blood here.
The slave shouts!
The worker ant bites you but does no damage.
Pikel hits you with a whip of electrocution.
* * * LOW HITPOINT WARNING * * *
You are electrocuted!
You die...

.......... #........##
#. #.........###...
#p............. ##
#..............
...######.......!#....#
..........#..?...!.##
........Kp#.o.......#
.......@aop...###..[...
........a.....# ....#
....##..ap........ ....
... #.............. ...
. ..............#.# ..
....#..$.......# # .
##....#.........#
##.<...........#


You could see Pikel, 4 slaves, 3 worker ants and 2 orcs.

Vanquished Creatures
  2 bullfrogs (D:3)
  The ghost of Mirai the Conjurer, a weakling DrCj (D:3)
  5 adders
  4 worms (D:2)
  A dart slug (D:1)
  A leopard gecko (D:1)
  An orc (D:2)
  4 giant cockroaches
  5 hobgoblins
  13 jackals
  4 kobolds
  A ball python (D:1)
  4 bats
  3 frilled lizards
  16 goblins
  8 rats
73 creatures vanquished.

Notes
Turn   | Place    | Note
-------+----------+-------------------------------------------
     0 | D:1      | Mirai the Draconian Conjurer began the quest for the Orb.
     0 | D:1      | Reached XP level 1. HP: 14/14 MP: 3/3
   385 | D:1      | Reached XP level 2. HP: 20/20 MP: 5/5
   721 | D:1      | Reached XP level 3. HP: 19/26 MP: 6/6
   790 | D:1      | Gained mutation: You have an increased reservoir of magic. (+10% MP) [potion of mutation]
   790 | D:1      | Gained mutation: You have a pair of small antennae on your head. [potion of mutation]
  1007 | D:2      | Reached skill level 1 in Shields
  1454 | D:2      | Reached XP level 4. HP: 33/33 MP: 4/8
  2237 | D:3      | Noticed a bullfrog
  2256 | D:3      | Killed a bullfrog
  2256 | D:3      | Reached XP level 5. HP: 17/38 MP: 4/10
  2494 | D:3      | Noticed Mirai's ghost (weakling DrCj)
  2556 | D:2      | Learned a level 2 spell: Searing Ray
  2561 | D:2      | Learned a level 4 spell: Iskenderun's Mystic Blast
  2674 | D:3      | Killed Mirai's ghost
  2763 | D:3      | Found a bloodstained altar of Trog.
  3091 | D:3      | Reached skill level 5 in Conjurations
  3091 | D:3      | Reached XP level 6. HP: 17/45 MP: 8/13
  3288 | D:3      | Found an opulent altar of Gozag.
  3429 | D:4      | Noticed a slave
  3429 | D:4      | Noticed Pikel
  3429 | D:4      | Noticed a slave
  3430 | D:4      | Noticed a slave
  3432 | D:4      | Noticed a slave
  3439 | D:4      | Mangled by Pikel

Skill      XL: |  1  2  3  4  5 |
---------------+----------------+-----
Dodging        | 2 3 |  3.1
Shields        | 1 |  1.2
Stealth        | 2 |  2.1
Spellcasting   | 3 |  3.9
Conjurations   | 5 |  5.0
Axes           | |  0.7

Action                   |  1- 3 |  4- 6 || total
-------------------------+-------+-------++-------
Melee: Unarmed           |    20 |       ||    20
       Hand axe          |    86 |       ||    86
       Tailslap          |     8 |    12 ||    20
       Short sword       |    19 |   120 ||   139
 Cast: Magic Dart        |    29 |    40 ||    69
       Searing Ray       |       |    12 ||    12
  Use: Scroll            |     3 |       ||     3
       Potion            |     3 |       ||     3
 Stab: Sleeping          |     1 |       ||     1
  Eat: Ration            |     1 |       ||     1
       Chunk             |       |     6 ||     6
Armor: Skin              |    75 |    68 ||   143
Dodge: Dodged            |   109 |   113 ||   222
Block: Buckler           |     8 |    33 ||    41
